 Dungeon Crawl Stone Soup version 0.26.1-11-gd32895ea62 (webtiles) character file.

Game seed: 692150262287246973

167 raph the Firebug (level 5, -3/28 HPs)
             Began as a Deep Elf Fire Elementalist on Apr 20, 2021.
             Was an Initiate of Ashenzari.
             Slain by an ogre
             ... wielding a +0 giant spiked club
              (31 damage)
             ... on level 3 of the Dungeon.
             The game lasted 00:06:00 (4302 turns).

raph the Firebug (Deep Elf Fire Elementalist)       Turns: 4302, Time: 00:06:01

Health: -3/28      AC:  3    Str:  5    XL:     5   Next: 23%
Magic:  12/12      EV: 13    Int: 21    God:    Ashenzari [......]
Gold:   138        SH:  0    Dex: 15    Spells: 3/11 levels left

rFire    + . .     SeeInvis .   c - +0 dagger
rCold    . . .     Faith    .   (no shield)
rNeg     . . .     Spirit   .   a - +0 robe
rPois    .         Reflect  .   (no helmet)
rElec    .         Harm     .   (no cloak)
rCorr    +         Rampage  .   (no gloves)
Will     .....                  p - +0 pair of boots (curse)
Stlth    ++........             (no amulet)
HPRegen  0.09/turn              n - ring of protection from fire (curse)
MPRegen  0.13/turn              l - ring of resist corrosion

@: no status effects
A: no striking features
a: Renounce Religion, Curse Item


You were on level 3 of the Dungeon.
You worshipped Ashenzari.
Ashenzari was noncommittal.
You visited 1 branch of the dungeon, and saw 4 of its levels.

You collected 138 gold pieces.

Inventory:

Hand Weapons
 c - a +0 dagger (weapon)
Armour
 a - a +0 robe (worn)
 p - a cursed +0 pair of boots (worn)
Jewellery
 h - an uncursed ring of flight
 l - a ring of resist corrosion (right hand)
 n - a cursed ring of protection from fire (left hand)
Wands
 r - a wand of digging (4)
 s - a wand of paralysis (7)
Scrolls
 b - a scroll of remove curse
 e - 9 scrolls of identify {unknown}
 g - 3 scrolls of teleportation {unknown}
 m - a scroll of random uselessness {unknown}
Potions
 d - 3 potions of curing {unknown}
 f - 3 potions of heal wounds {unknown}
 i - 2 potions of ambrosia {unknown}
 j - a potion of magic {unknown}
 k - 4 potions of lignification {unknown}
 o - a potion of berserk rage {unknown}
 q - a potion of haste {unknown}


   Skills:
 - Level 3.0 Dodging
 - Level 3.2 Stealth
 - Level 3.6 Spellcasting
 * Level 3.3 Conjurations
 * Level 4.7 Fire Magic


You had 3 spell levels left.
You knew the following spells:

 Your Spells              Type           Power        Failure   Level
a - Foxfire               Conj/Fire      80%          2%          1
b - Conjure Flame         Conj/Fire      20%          7%          3
c - Sticky Flame          Conj/Fire      20%          24%         4

Your spell library contained the following spells:

 Spells                   Type           Power        Failure   Level
 Inner Flame              Hex/Fire       13%          14%         3
 Fireball                 Conj/Fire      10%          54%         5


Dungeon Overview and Level Annotations

Branches:
Dungeon (4/15)
 Temple: D:4-7

Altars:
Ashenzari
Uskayaw


Message History

Ashenzari welcomes you!
b - 3 scrolls of remove curse You can now curse your items.
Your +0 pair of boots glows black for a moment.
Your ring of protection from fire glows black for a moment.
There is an open door here.
Found a stone staircase leading down.
Done exploring.
Done exploring.
There is a stone staircase leading down here.
You climb downwards.
An ogre comes into view. It is wielding a +0 giant spiked club.
There is a stone staircase leading up here.
The ogre closely misses you.
You climb upwards.
There is a stone staircase leading down here.
There is an escape hatch in the ceiling here.
The ogre hits you with a +0 giant spiked club!!
Ouch! That really hurt!
You die...

#.##.# #..<.......##.... #.##.#
#..........##.... #.##.##
#......(...##..## #..#..##
#..............##
##..#..####..........##.###
##.##...###............###
#.#.....#................
#.#.................>....
#.###...@...÷......###...
#########[# #.#O.....(...........
........#.###............#####.##
.<.............#........####...##
..........#.............#_§######
............###...#..#..#.#######
........#.#.# #..##.....#.'....##
........#.#.###.........#.##.....
........#.#.....#.......#_≈#.....


You could see an ogre.

Vanquished Creatures
  A hound (D:3)
  An orc wizard (D:3)
  3 adders
  An ooze (D:1)
  2 worms
  A dart slug (D:1)
  2 leopard geckos
  4 orcs (D:3)
  3 giant cockroaches
  7 goblins
  4 hobgoblins
  8 jackals
  2 ball pythons (D:1)
  12 bats
  4 frilled lizards
  7 kobolds
  6 rats
68 creatures vanquished.

Vanquished Creatures (others)
  194 foxfires
194 creatures vanquished.

Grand Total: 262 creatures vanquished

Notes
Turn   | Place    | Note
-------+----------+-------------------------------------------
     0 | D:1      | raph the Deep Elf Fire Elementalist began the quest for the
                  | Orb.
     0 | D:1      | Reached XP level 1. HP: 10/10 MP: 6/6
   403 | D:1      | Reached XP level 2. HP: 9/15 MP: 5/8
  1872 | D:2      | Reached XP level 3. HP: 19/19 MP: 5/9
  2244 | D:2      | Learned a level 3 spell: Conjure Flame
  3123 | D:2      | Reached skill level 4 in Fire Magic
  3454 | D:3      | Reached XP level 4. HP: 24/24 MP: 4/11
  3556 | D:3      | Learned a level 4 spell: Sticky Flame
  3813 | D:3      | Reached XP level 5. HP: 28/28 MP: 5/12
  4209 | D:3      | Found a hide-covered altar of Uskayaw.
  4209 | D:3      | Found a broken altar of Ashenzari.
  4213 | D:3      | Became a worshipper of Ashenzari the Shackled
  4282 | D:4      | Noticed an ogre
  4302 | D:3      | Slain by an ogre

Illustrated notes

Levels and vault maps discovered:
D:1:      dpeg_arrival_long_road, layout_basic, hangedman_decor_opposing,
          chequers_mini_garden
D:2:      layout_basic
D:3:      layout_rooms, gammafunk_temple_overflow_elements
D:4:      layout_basic, lightli_minifort

Skill      XL: |  1  2  3  4 |
---------------+-------------+-----
Conjurations   | 2 3 |  3.3
Stealth        | 3 |  3.2
Fire Magic     | 4 |  4.7
Dodging        | 3 |  3.0
Spellcasting   | |  3.6

Action                   |  1- 3 |  4- 6 || total
-------------------------+-------+-------++-------
Melee: Dagger            |    38 |     1 ||    39
 Cast: Foxfire           |    90 |    44 ||   134
Invok: Curse Item        |       |     2 ||     2
 Stab: Sleeping          |     1 |       ||     1
Armor: Robe              |    21 |     2 ||    23
Dodge: Dodged            |    46 |    13 ||    59
